 Dungeon Crawl Stone Soup version 0.31-a0-1616-gbeaec30b81 (webtiles) character file.

Game seed: 12097179814482750049

12 michknight7 the Grasshopper (level 2, 0/26 HPs)
             Began as a Naga Warper on Jan 10, 2024.
             Slain by a kobold
             ... wielding a +0 dagger
              (3 damage)
             ... on level 1 of the Dungeon.
             The game lasted 00:03:45 (205 turns).

michknight7 the Grasshopper (Naga Warper)            Turns: 205, Time: 00:03:45

Health: 0/26       AC:  2    Str: 13    XL:     2   Next: 33%
Magic:  5/5        EV:  9    Int: 13    God:
Gold:   18         SH:  0    Dex: 10    Spells: 5/5 levels left

rFire   . . .        a - +0 spear
rCold   . . .        (no shield)
rNeg    . . .        b - +0 leather armour
rPois   +            (no helmet)
rElec   .            (no cloak)
rCorr   .            (no gloves)
SInv    +            (no barding)
Will    .....        (no amulet)
Stlth   +            (no ring)
HPRegen 0.24/turn    (no ring)
MPRegen 0.09/turn

%: no passive effects
@: very slow
A: AC +0, large, see invisible, deformed body, poison resistance, slowness 2,
spit poison 1, naga tail 1
a: Spit Poison


You were on level 1 of the Dungeon.
You visited 1 branch of the dungeon, and saw 1 of its levels.

You collected 18 gold pieces.

Inventory:

Hand Weapons
 a - a +0 spear (weapon)
 e - a +0 dagger
Missiles
 d - 7 darts of dispersal (quivered)
Armour
 b - a +0 leather armour (worn)


   Skills:
 + Level 2.0 Fighting
 + Level 2.1 Polearms
 + Level 0.8 Throwing
 + Level 1.0 Armour
 + Level 1.5 Dodging
 + Level 2.0 Spellcasting
 + Level 3.3 Translocations


You had 5 spell levels left.
You didn't know any spells.
Your spell library contained the following spells:

 Spells                   Type           Power      Damage    Failure   Level
 Blink                    Tloc           20%        N/A       12%         2
 Lesser Beckoning         Tloc           20%        N/A       12%         2
 Teleport Other           Tloc           10%        N/A       24%         3
 Manifold Assault         Tloc           10%        N/A       63%         4
 Vhi's Electric Charge    Tloc/Air       10%        N/A       85%         4


Dungeon Overview and Level Annotations

Branches:
Dungeon (1/15)

Altars:


Innate Abilities, Weirdness & Mutations

Your serpentine skin is tough. (AC +0)
You have supernaturally acute eyesight. (SInv)
Armour fits poorly on your strangely shaped body.
Your system is resistant to poisons. (rPois)
You cover ground very slowly.
You can spit poison.
You have a snake-like lower body.


Message History

The endoplasm barely misses you.
You hit the endoplasm.
The endoplasm is severely wounded.
The endoplasm freezes you.
You are frozen.
You hit the endoplasm.
You kill the endoplasm!
A kobold comes into view. It is wielding a +0 dagger.
The kobold shouts!
A kobold comes into view. It is wielding a +0 short sword.
The kobold shouts!
The kobold hits you with a +0 dagger. The kobold closely misses you.
You closely miss the kobold. The kobold hits you with a +0 dagger.
You miss the kobold. The kobold hits you with a +0 dagger.
You barely miss the kobold. The kobold hits you with a +0 dagger.
The kobold misses you.
You barely miss the kobold.
The kobold hits you but does no damage. x2
You closely miss the kobold. The kobold hits you with a +0 dagger.
The kobold hits you but does no damage.
You barely miss the kobold. The kobold closely misses you.
The kobold hits you with a +0 short sword.
You barely miss the kobold. The kobold hits you with a +0 dagger.
The kobold closely misses you.
You closely miss the kobold. The kobold closely misses you.
The kobold hits you with a +0 short sword.
You closely miss the kobold. The kobold hits you but does no damage.
The kobold hits you with a +0 short sword.
You closely miss the kobold. You closely miss the kobold.
The kobold misses you. The kobold closely misses you.
You hit the kobold but do no damage. The kobold hits you with a +0 dagger.
* * * LOW HITPOINT WARNING * * *
The kobold hits you but does no damage.
You hit the kobold.
The kobold is moderately wounded.
The kobold hits you with a +0 dagger.
* * * LOW HITPOINT WARNING * * *
The kobold completely misses you. The kobold hits you with a +0 dagger.
You die...

........# #..
#.# ........#
#.) #.#
........#
##...#.#
.........
.....# .###..
#.##.# .# ..
#.##.##.# .#
.......K#
.....### #
#.##K# .###....
#.##.##@# .#
#.# #.......#
.# #.#
####.#### .#
#.# #.#
.#####†######.#
..>.>.........#
.......########
########


You could see 2 kobolds.

Vanquished Creatures
  2 dart slugs (D:1)
  An endoplasm (D:1)
  2 goblins (D:1)
  A ball python (D:1)
  2 frilled lizards (D:1)
  A rat (D:1)
9 creatures vanquished.

Notes
Turn   | Place    | Note
-------+----------+-------------------------------------------
     0 | D:1      | michknight7 the Naga Warper began the quest for the Orb.
     0 | D:1      | Reached XP level 1. HP: 19/19 MP: 3/3
   127 | D:1      | Reached skill level 1 in Armour
   127 | D:1      | Reached XP level 2. HP: 18/26 MP: 5/5
   205 | D:1      | Slain by a kobold

Illustrated notes

Levels and vault maps discovered:
D:1:      wander_arrival_estate, layout_loops_ring, serial_shops,
          nicolae_shop_just_a_little_nook, eino_curves_02, st_stairs_10

Skill      XL: |  1 |
---------------+----+-----
Armour         | 1 |  1.0
Fighting       | |  2.0
Polearms       | |  2.1
Throwing       | |  0.8
Dodging        | |  1.5
Spellcasting   | |  2.0
Translocations | |  3.3

Action                     || total
---------------------------++-------
  Melee: Spear             ||    47
    Use: Scroll            ||     1
 Armour: Leather armour    ||    36
  Dodge: Dodged            ||    22

Table legend: (Time is in decaauts)
 A = Elapsed time spent in this place.
 B = Non-inter-level travel time spent in this place.
 C = Inter-level travel time spent in this place.
 D = Time resting spent in this place.
 E = Time spent auto-exploring this place.
 F = Levels seen in this place.
 G = Mean time per level.
                   A        B        C        D        E       F      G
               +--------+--------+--------+--------+--------+-----+--------+
         Total |    266 |    264 |      2 |      0 |      0 |   1 |  266.0 |
       Dungeon |    266 |    264 |      2 |      0 |      0 |   1 |  266.0 |
               +--------+--------+--------+--------+--------+-----+--------+

Top non-repeatable levels by time:
     D:1: 266 daAuts
